Comets vs Sound Tigers
Created - November 6, 2023 at 19:22
Goals
|
| Comets |
0 |
1 |
2 |
3 |
| Sound Tigers |
1 |
2 |
2 |
5 |
|
Shots
|
| Comets |
6 |
13 |
9 |
28 |
| Sound Tigers |
10 |
16 |
15 |
41 |
|
1st period
1. Sound Tigers , Tyrell Goulbourne 4 (Ben Johnson 4) at 1:01
Penalties :
No Penalty
2nd period
2. Comets , William Lagesson 1 (Ryan Lomberg 6, Daniel Zaar 8) at 10:59
3. Sound Tigers , Ben Thomson 5 (Alexander Yelesin 3, Nick Blankenburg 6) at 12:00 (SH)
4. Sound Tigers , Brett Connolly 1 (Nick Blankenburg 7, Ben Johnson 5) at 16:24
Penalties :
Tyrell Goulbourne (BRI) for Cross-checking (Minor) at 4:32, Joe Labate (BRI) for Hooking (Minor) at 11:09
3rd period
5. Sound Tigers , Joe Labate 5 (Oliver Kylington 8, Jordan Greenway 9) at 1:52
6. Comets , Scott Harrington 1 (Ryan Lomberg 7, Daniel Zaar 9) at 2:30 (PP)
7. Comets , Ryan Lomberg 6 (Scott Harrington 4) at 2:46 (PP)
8. Sound Tigers , Austin Watson 3 (Joe Labate 7, Jordan Greenway 10) at 18:33
Penalties :
Jordan Greenway (BRI) for Roughing (Double Minor) at 2:11, Jean-Sebastien Dea (Uti) for Diving (Minor) at 2:55, Alex Belzile (BRI) for Hooking (Minor) at 8:15
Goalie Stats
Casey DeSmith (Uti), 36 saves from 41 shots - (0.878), L, 2-3-1, 60:00 minutes
Charlie Lindgren (BRI), 25 saves from 28 shots - (0.893), W, 5-4-0, 60:00 minutes
Players Stats for Comets
Player Name G A P +/- PIM S H SB GA TA FO MP PP MP PK MP
------------------------------------------------------------------------------------
Adam Ollas-Mattsson 0 0 0 -1 0 0 0 0 0 1 0/0 11:57 0:00 0:00
Curtis Lazar 0 0 0 -2 0 4 3 0 0 2 0/0 20:10 3:00 0:24
Dan Renouf 0 0 0 -2 0 1 1 0 0 1 0/0 20:06 3:01 0:54
Daniel Zaar 0 2 2 -2 0 8 2 1 0 0 7/14 25:53 3:32 1:02
Daniil Miromanov 0 0 0 0 0 0 0 0 0 0 0/0 3:52 0:00 0:00
Jean-Sebastien Dea 0 0 0 -1 2 1 0 0 1 1 21/36 21:16 3:32 0:00
Juho Lammikko 0 0 0 0 0 0 2 0 1 0 1/2 13:14 0:00 0:00
Juuso Riikola 0 0 0 -2 0 2 1 0 1 0 0/0 20:06 3:01 0:54
Lane Pederson 0 0 0 0 0 0 4 0 0 1 2/4 13:24 0:00 0:33
Mackenzie MacEachern 0 0 0 -1 0 1 0 2 0 0 1/1 15:28 0:00 0:47
Phil Di Giuseppe 0 0 0 -2 0 1 0 0 0 0 0/2 20:21 3:00 0:16
Ryan Lomberg 1 2 3 -1 0 3 3 0 0 2 2/3 22:34 3:32 0:56
Scott Harrington 1 1 2 -1 0 1 1 1 1 0 0/0 24:43 3:31 1:05
Trevor Moore 0 0 0 0 0 0 1 0 0 0 0/0 1:17 0:00 0:00
Tyler Graovac 0 0 0 -2 0 1 2 0 0 0 5/11 20:05 3:00 0:00
Vladislav Gavrikov 0 0 0 -1 0 4 1 2 0 0 0/0 28:15 3:31 1:05
William Lagesson 1 0 1 -1 0 1 2 0 0 0 0/0 11:33 0:00 0:00
William Lockwood 0 0 0 -1 0 0 0 0 0 0 0/0 3:46 0:00 0:00
Players Stats for Sound Tigers
Player Name G A P +/- PIM S H SB GA TA FO MP PP MP PK MP
------------------------------------------------------------------------------------
Alex Belzile 0 0 0 -1 2 3 0 0 1 0 1/1 15:05 0:59 0:00
Alexander Yelesin 0 1 1 3 0 0 2 0 2 1 0/0 18:32 0:36 2:24
Austin Watson 1 0 1 2 0 5 0 0 0 0 1/1 18:55 1:00 0:00
Ben Johnson 0 2 2 2 0 1 2 0 0 0 6/13 13:13 0:00 2:15
Ben Thomson 1 0 1 0 0 8 0 0 1 0 0/0 16:57 0:59 2:47
Brett Connolly 1 0 1 2 0 1 2 0 1 0 0/1 10:57 0:00 0:00
Filip Zadina 0 0 0 0 0 0 1 0 1 0 0/0 8:38 0:00 0:12
Gabriel Carlsson 0 0 0 0 0 4 0 2 1 0 0/0 27:46 1:23 4:08
Garret Pilon 0 0 0 0 0 1 0 0 0 1 1/4 8:26 0:00 0:00
Jakub Galvas 0 0 0 1 0 1 0 0 0 0 0/0 13:42 0:00 0:00
Joe Labate 1 1 2 2 2 4 3 3 0 1 14/31 22:45 1:00 2:48
Jordan Greenway 0 2 2 2 4 4 2 2 0 0 2/5 23:30 1:00 3:33
Nick Blankenburg 0 2 2 3 0 3 1 2 0 0 0/0 18:32 0:36 2:24
Oliver Kylington 0 1 1 0 0 1 0 2 0 1 0/0 27:46 1:23 4:08
Rhett Gardner 0 0 0 0 0 1 2 0 1 0 9/16 15:51 0:59 1:29
Ross Colton 0 0 0 0 0 1 1 0 0 0 0/0 8:46 0:00 0:00
Simon Benoit 0 0 0 1 0 0 0 0 0 0 0/0 13:42 0:00 0:00
Tyrell Goulbourne 1 0 1 2 2 3 1 0 0 0 0/1 10:21 0:00 0:00
3 Stars
1 - Joe Labate (BRI)
2 - Nick Blankenburg (BRI)
3 - Ben Johnson (BRI)
Power Play
Comets - 2 on 5 Attempt(s) - 40.00%
Sound Tigers - 0 on 1 Attempt(s) - 0.00%
Penalty Kill
Comets - 1 on 1 Attempt(s) - 100.00%
- Score 0 goal in Penalty Kill
Sound Tigers - 3 on 5 Attempt(s) - 60.00%
- Score 1 goal in Penalty Kill
Team Stat
Comets - Hits : 23 - Faceoff Wins : 39 - Blocked Shots : 6 - Penalty Minutes : 2
Sound Tigers - Hits : 17 - Faceoff Wins : 34 - Blocked Shots : 11 - Penalty Minutes : 10
Official
Referees : Jean Hebert and Dean Morton
Linesman : Brian Mach and Vaughan Rody
Game Notes
Trevor Moore is injured at 4:59 of 1st period (Head)
Finance
Level 1 -- Attendance: 1788 (89.40%) -- Ticket Income $125,160
Level 2 -- Attendance: 966 (96.60%) -- Ticket Income $38,640
Total Attendance: 2754 (91.80%)
Total Ticket Income: $163,800
Other Income: $8,190
Total Income: $171,990
Comets
5 vs 5 Forward
Center Left Wing Right Wing Time % Phy DF OF
1 Jean-Sebastien Dea Ryan Lomberg Daniel Zaar 40 1 2 2
2 Tyler Graovac Phil Di Giuseppe Curtis Lazar 30 1 2 2
3 Lane Pederson Trevor Moore Juho Lammikko 20 1 2 2
4 Daniel Zaar Mackenzie MacEachern William Lockwood 10 1 2 2
5 vs 5 Defense
Defense Defense Time % Phy DF OF
1 Vladislav Gavrikov Scott Harrington 40 1 2 2
2 Juuso Riikola Dan Renouf 30 1 2 2
3 Adam Ollas-Mattsson William Lagesson 20 1 2 2
4 Daniil Miromanov Vladislav Gavrikov 10 1 2 2
PowerPlay Forward
Center Left Wing Right Wing Time % Phy DF OF
1 Jean-Sebastien Dea Ryan Lomberg Daniel Zaar 60 1 2 2
2 Tyler Graovac Phil Di Giuseppe Curtis Lazar 40 1 2 2
PowerPlay Defense
Defense Defense Time % Phy DF OF
1 Vladislav Gavrikov Scott Harrington 60 1 2 2
2 Juuso Riikola Dan Renouf 40 1 2 2
Penalty Kill 4 Players Forward
Center Wing Time % Phy DF OF
1 Daniel Zaar Ryan Lomberg 60 1 2 2
2 Curtis Lazar Jean-Sebastien Dea 40 1 2 2
Penalty Kill 4 Players Defense
Defense Defense Time % Phy DF OF
1 Vladislav Gavrikov Scott Harrington 60 1 2 2
2 Juuso Riikola Dan Renouf 40 1 2 2
Penalty Kill - 3 Players Forward
Forward Time % Phy DF OF
1 Daniel Zaar 60 1 2 2
2 Ryan Lomberg 40 1 2 2
Penalty Kill - 3 Players Defense
Defense Defense Time % Phy DF OF
1 Vladislav Gavrikov Scott Harrington 60 1 2 2
2 Juuso Riikola Dan Renouf 40 1 2 2
4 vs 4 Forward
Center Wing Time % Phy DF OF
1 Daniel Zaar Ryan Lomberg 60 1 2 2
2 Curtis Lazar Jean-Sebastien Dea 40 1 2 2
4 vs 4 Defense
Defense Defense Time % Phy DF OF
1 Vladislav Gavrikov Scott Harrington 60 1 2 2
2 Juuso Riikola Dan Renouf 40 1 2 2
Last Minutes Offensive
Center Left Wing Right Wing Defense Defense
Jean-Sebastien Dea Ryan Lomberg Daniel Zaar Vladislav Gavrikov Scott Harrington
Last Minutes Defensive
Center Left Wing Right Wing Defense Defense
Jean-Sebastien Dea Ryan Lomberg Daniel Zaar Vladislav Gavrikov Scott Harrington
Goaltenders
Starting : Casey DeSmith
Backup : Thatcher Demko
Extra Forwards
Normal : Juho Lammikko, Trevor Moore, Mackenzie MacEachern - PP : Juho Lammikko, Trevor Moore - PK : Mackenzie MacEachern
Extra Defensemen
Normal : Adam Ollas-Mattsson, William Lagesson, Daniil Miromanov - PP : Adam Ollas-Mattsson - PK : William Lagesson, Daniil Miromanov
Penalty Shots
Daniel Zaar, Ryan Lomberg, Curtis Lazar, Jean-Sebastien Dea, Juho Lammikko
Custom OT Lines Forwards
Daniel Zaar, Ryan Lomberg, Curtis Lazar, Jean-Sebastien Dea, Juho Lammikko, Phil Di Giuseppe, Trevor Moore, Mackenzie MacEachern, Tyler Graovac, Lane Pederson
Custom OT Lines Defensemen
Vladislav Gavrikov, Scott Harrington, Juuso Riikola, Dan Renouf, Adam Ollas-Mattsson
Scratches
Anton Zlobin (Healthy), Charles Hudon (Healthy), Jaret Anderson-Dolan (Healthy), Guillaume Brisebois (Healthy), Brandon Saigeon (Healthy)
Jay O'Brien (Healthy), Michael Joly (Healthy), Jack Rathbone (Healthy), Michael Kesselring (Healthy), Nicolas Petan (Healthy)
Rasmus Asplund (Healthy), Marek Langhamer (Healthy), Michael Dipietro (Healthy)
Sound Tigers
5 vs 5 Forward
Center Left Wing Right Wing Time % Phy DF OF
1 Joe Labate Jordan Greenway Austin Watson 40 1 2 2
2 Rhett Gardner Ben Thomson Alex Belzile 30 1 2 2
3 Ben Johnson Tyrell Goulbourne Brett Connolly 20 1 2 2
4 Garret Pilon Filip Zadina Ross Colton 10 1 2 2
5 vs 5 Defense
Defense Defense Time % Phy DF OF
1 Gabriel Carlsson Oliver Kylington 40 1 2 2
2 Nick Blankenburg Alexander Yelesin 30 1 2 2
3 Jakub Galvas Simon Benoit 20 1 2 2
4 Gabriel Carlsson Oliver Kylington 10 1 2 2
PowerPlay Forward
Center Left Wing Right Wing Time % Phy DF OF
1 Joe Labate Jordan Greenway Austin Watson 60 1 2 2
2 Rhett Gardner Ben Thomson Alex Belzile 40 1 2 2
PowerPlay Defense
Defense Defense Time % Phy DF OF
1 Gabriel Carlsson Oliver Kylington 60 1 2 2
2 Nick Blankenburg Alexander Yelesin 40 1 2 2
Penalty Kill 4 Players Forward
Center Wing Time % Phy DF OF
1 Joe Labate Jordan Greenway 60 1 2 2
2 Rhett Gardner Ben Thomson 40 1 2 2
Penalty Kill 4 Players Defense
Defense Defense Time % Phy DF OF
1 Gabriel Carlsson Oliver Kylington 60 1 2 2
2 Nick Blankenburg Alexander Yelesin 40 1 2 2
Penalty Kill - 3 Players Forward
Forward Time % Phy DF OF
1 Joe Labate 60 1 2 2
2 Rhett Gardner 40 1 2 2
Penalty Kill - 3 Players Defense
Defense Defense Time % Phy DF OF
1 Gabriel Carlsson Oliver Kylington 60 1 2 2
2 Nick Blankenburg Alexander Yelesin 40 1 2 2
4 vs 4 Forward
Center Wing Time % Phy DF OF
1 Joe Labate Jordan Greenway 60 1 2 2
2 Rhett Gardner Ben Thomson 40 1 2 2
4 vs 4 Defense
Defense Defense Time % Phy DF OF
1 Gabriel Carlsson Oliver Kylington 60 1 2 2
2 Nick Blankenburg Alexander Yelesin 40 1 2 2
Last Minutes Offensive
Center Left Wing Right Wing Defense Defense
Joe Labate Jordan Greenway Austin Watson Gabriel Carlsson Oliver Kylington
Last Minutes Defensive
Center Left Wing Right Wing Defense Defense
Joe Labate Jordan Greenway Austin Watson Gabriel Carlsson Oliver Kylington
Goaltenders
Starting : Charlie Lindgren
Backup : Chris Driedger
Extra Forwards
Normal : Joe Labate, Brett Connolly, Ross Colton - PP : Joe Labate, Brett Connolly - PK : Joe Labate
Extra Defensemen
Normal : Alexander Yelesin, Jakub Galvas, Simon Benoit - PP : Alexander Yelesin - PK : Alexander Yelesin, Jakub Galvas
Penalty Shots
Jordan Greenway, Ben Thomson, Austin Watson, Alex Belzile, Joe Labate
Custom OT Lines Forwards
Jordan Greenway, Ben Thomson, Austin Watson, Alex Belzile, Joe Labate, Brett Connolly, Ross Colton, Rhett Gardner, Tyrell Goulbourne, Ben Johnson
Custom OT Lines Defensemen
Gabriel Carlsson, Oliver Kylington, Nick Blankenburg, Alexander Yelesin, Jakub Galvas
Scratches
Connor Dewar (Healthy), Christian Fischer (Healthy), Alex Steeves (Healthy), Pavel Kraskovsky (Sore Right Knee Injury), Noah Cates (Healthy)
Slater Koekkoek (Healthy), Casey Staum (Healthy), Cole Koepke (Healthy), Sean Maguire (Healthy)
% Time on Ice - Comets
Lines # - Real PCT - Wanted PCT - Time Play
Normal Forward
1 - 34% - 40% - 17:45
2 - 33% - 30% - 16:44
3 - 26% - 20% - 13:14
4 - 7% - 10% - 3:46
Normal Defense
1 - 39% - 40% - 20:07
2 - 31% - 30% - 16:11
3 - 22% - 20% - 11:25
4 - 7% - 10% - 3:46
PP Forward
1 - 54% - 60% - 3:32
2 - 46% - 40% - 3:00
PP Defense
1 - 54% - 60% - 3:31
2 - 46% - 40% - 3:01
PK Forward
1 - 80% - 60% - 1:35
2 - 20% - 40% - 0:24
PK Defense
1 - 55% - 60% - 1:05
2 - 45% - 40% - 0:54
PK3 Forward
1 - 0% - 60%
2 - 0% - 40%
PK3 Defense
1 - 0% - 60%
2 - 0% - 40%
44 Forward
1 - 0% - 60%
2 - 0% - 40%
44 Defense
1 - 0% - 60%
2 - 0% - 40%
Last Minute Offensive - 0:00
Last Minute Defensive - 0:00
Total
Forward - 60:00
Defense - 60:00
|
% Time on Ice - Sound Tigers
Lines # - Real PCT - Wanted PCT - Time Play
Normal Forward
1 - 37% - 40% - 19:18
2 - 26% - 30% - 13:23
3 - 20% - 20% - 10:22
4 - 16% - 10% - 8:26
Normal Defense
1 - 39% - 40% - 19:59
2 - 30% - 30% - 15:32
3 - 27% - 20% - 13:42
4 - 4% - 10% - 2:16
PP Forward
1 - 50% - 60% - 1:00
2 - 50% - 40% - 0:59
PP Defense
1 - 70% - 60% - 1:23
2 - 30% - 40% - 0:36
PK Forward
1 - 85% - 60% - 5:34
2 - 15% - 40% - 0:58
PK Defense
1 - 63% - 60% - 4:08
2 - 37% - 40% - 2:24
PK3 Forward
1 - 0% - 60%
2 - 0% - 40%
PK3 Defense
1 - 0% - 60%
2 - 0% - 40%
44 Forward
1 - 0% - 60%
2 - 0% - 40%
44 Defense
1 - 0% - 60%
2 - 0% - 40%
Last Minute Offensive - 0:00
Last Minute Defensive - 0:00
Total
Forward - 60:00
Defense - 60:00
|
Play-by-Play
1st period
0:01 of 1st period - Joe Labate wins face-off versus Jean-Sebastien Dea in neutral zone.
0:26 of 1st period - Gabriel Carlsson is hit by Trevor Moore and loses puck.
0:59 of 1st period - Wrist shot by Ben Thomson.
0:59 of 1st period - Stopped by Casey DeSmith without a rebound.
1:00 of 1st period - Ben Johnson wins face-off versus Daniel Zaar in Comets zone.
1:01 of 1st period - Snap shot by Tyrell Goulbourne.
1:01 of 1st period - Goal by Tyrell Goulbourne - Comets : 0 - Sound Tigers : 1.
1:02 of 1st period - Ben Johnson wins face-off versus Jean-Sebastien Dea in neutral zone.
1:28 of 1st period - Alexander Yelesin is hit by Tyler Graovac and loses puck.
1:33 of 1st period - Wrist shot by Phil Di Giuseppe.
1:33 of 1st period - Stopped by Charlie Lindgren without a rebound.
1:34 of 1st period - Daniel Zaar wins face-off versus Garret Pilon in Sound Tigers zone.
1:37 of 1st period - Wrist shot by Daniel Zaar.
1:37 of 1st period - Stopped by Charlie Lindgren without a rebound.
1:38 of 1st period - Garret Pilon wins face-off versus Daniel Zaar in Sound Tigers zone.
2:28 of 1st period - Austin Watson is hit by Lane Pederson and loses puck.
2:48 of 1st period - Icing by Daniel Zaar.
2:49 of 1st period - Jean-Sebastien Dea wins face-off versus Rhett Gardner in Comets zone.
3:20 of 1st period - Wrist shot by Austin Watson.
3:20 of 1st period - Shot Misses the Net.
3:49 of 1st period - Off-side.
3:50 of 1st period - Jean-Sebastien Dea wins face-off versus Ben Johnson in neutral zone.
3:55 of 1st period - Slapshot by Daniel Zaar.
3:55 of 1st period - Deflect By Jean-Sebastien Dea.
3:55 of 1st period - Shot Misses the Net.
3:55 of 1st period - Puck is out of play.
3:56 of 1st period - Jean-Sebastien Dea wins face-off versus Ben Johnson in Sound Tigers zone.
3:59 of 1st period - Wrist shot by Ryan Lomberg.
3:59 of 1st period - Shot Blocked by Nick Blankenburg.
4:05 of 1st period - Slapshot by Jean-Sebastien Dea.
4:05 of 1st period - Shot Misses the Net.
4:07 of 1st period - Snap shot by William Lagesson.
4:07 of 1st period - Shot Misses the Net.
4:11 of 1st period - Slapshot by Daniel Zaar.
4:11 of 1st period - Shot Misses the Net.
4:41 of 1st period - Snap shot by Curtis Lazar.
4:41 of 1st period - Deflect By Gabriel Carlsson.
4:41 of 1st period - Stopped by Charlie Lindgren without a rebound.
4:42 of 1st period - Rhett Gardner wins face-off versus Juho Lammikko in Sound Tigers zone.
4:58 of 1st period - Trevor Moore is hit by Rhett Gardner and loses puck.
4:59 of 1st period - Trevor Moore from Comets is injured at 4:59 of 1st period (Head).
5:00 of 1st period - Joe Labate wins face-off versus Jean-Sebastien Dea in Comets zone.
5:05 of 1st period - Wrist shot by Jordan Greenway.
5:05 of 1st period - Stopped by Casey DeSmith with a rebound.
5:07 of 1st period - Slapshot by Gabriel Carlsson.
5:07 of 1st period - Stopped by Casey DeSmith without a rebound.
5:08 of 1st period - Jean-Sebastien Dea wins face-off versus Joe Labate in Comets zone.
5:35 of 1st period - Slapshot by Phil Di Giuseppe.
5:35 of 1st period - Shot Misses the Net.
6:36 of 1st period - Off-side.
6:37 of 1st period - Joe Labate wins face-off versus Tyler Graovac in neutral zone.
6:42 of 1st period - Snap shot by Joe Labate.
6:42 of 1st period - Shot Misses the Net.
6:49 of 1st period - Backhand shot by Jakub Galvas.
6:49 of 1st period - Deflect By Joe Labate.
6:49 of 1st period - Shot Misses the Net.
6:49 of 1st period - Puck is out of play.
6:50 of 1st period - Joe Labate wins face-off versus Daniel Zaar in Comets zone.
7:23 of 1st period - Snap shot by Rhett Gardner.
7:23 of 1st period - Shot Misses the Net.
7:41 of 1st period - Snap shot by Mackenzie MacEachern.
7:41 of 1st period - Shot Blocked by Gabriel Carlsson.
9:15 of 1st period - Juuso Riikola is hit by Nick Blankenburg and loses puck.
10:14 of 1st period - Vladislav Gavrikov is hit by Ben Johnson and loses puck.
10:41 of 1st period - Adam Ollas-Mattsson is hit by Alexander Yelesin and loses puck.
11:22 of 1st period - Slapshot by Brett Connolly.
11:22 of 1st period - Deflect By Tyrell Goulbourne.
11:22 of 1st period - Stopped by Casey DeSmith without a rebound.
11:23 of 1st period - Juho Lammikko wins face-off versus Ben Johnson in Comets zone.
11:54 of 1st period - Wrist shot by Ben Thomson.
11:54 of 1st period - Stopped by Casey DeSmith with a rebound.
11:56 of 1st period - Snap shot by Ben Thomson.
11:56 of 1st period - Stopped by Casey DeSmith with a rebound.
11:58 of 1st period - Snap shot by Nick Blankenburg.
11:58 of 1st period - Stopped by Casey DeSmith with a rebound.
13:35 of 1st period - Wrist shot by Rhett Gardner.
13:35 of 1st period - Deflect By Alex Belzile.
13:35 of 1st period - Shot Blocked by Mackenzie MacEachern.
13:35 of 1st period - Puck is out of play.
13:36 of 1st period - Daniel Zaar wins face-off versus Rhett Gardner in Comets zone.
14:07 of 1st period - Vladislav Gavrikov is hit by Ben Johnson and loses puck.
14:18 of 1st period - Slapshot by Brett Connolly.
14:18 of 1st period - Shot Misses the Net.
15:22 of 1st period - Juho Lammikko is hit by Alexander Yelesin and loses puck.
15:35 of 1st period - Dan Renouf is hit by Rhett Gardner and loses puck.
15:46 of 1st period - Snap shot by Alex Belzile.
15:46 of 1st period - Stopped by Casey DeSmith without a rebound.
15:47 of 1st period - Joe Labate wins face-off versus Jean-Sebastien Dea in Comets zone.
15:52 of 1st period - Wrist shot by Joe Labate.
15:52 of 1st period - Shot Blocked by Vladislav Gavrikov.
16:10 of 1st period - Daniel Zaar is hit by Joe Labate and loses puck.
16:27 of 1st period - Wrist shot by Daniel Zaar.
16:27 of 1st period - Shot Misses the Net.
16:29 of 1st period - Slapshot by Vladislav Gavrikov.
16:29 of 1st period - Stopped by Charlie Lindgren with a rebound.
16:33 of 1st period - Wrist shot by Ryan Lomberg.
16:33 of 1st period - Shot Misses the Net.
16:35 of 1st period - Snap shot by Ryan Lomberg.
16:35 of 1st period - Shot Misses the Net.
16:37 of 1st period - Snap shot by Daniel Zaar.
16:37 of 1st period - Shot Misses the Net.
16:39 of 1st period - Slapshot by Vladislav Gavrikov.
16:39 of 1st period - Stopped by Charlie Lindgren with a rebound.
16:41 of 1st period - Slapshot by Vladislav Gavrikov.
16:41 of 1st period - Stopped by Charlie Lindgren with a rebound.
17:23 of 1st period - Snap shot by Daniel Zaar.
17:23 of 1st period - Shot Hit the Post.
17:25 of 1st period - Snap shot by Ryan Lomberg.
17:25 of 1st period - Deflect By Jean-Sebastien Dea.
17:25 of 1st period - Shot Misses the Net.
17:25 of 1st period - Puck is out of play.
17:26 of 1st period - Rhett Gardner wins face-off versus Phil Di Giuseppe in Sound Tigers zone.
17:33 of 1st period - Slapshot by Oliver Kylington.
17:33 of 1st period - Deflect By Tyler Graovac.
17:33 of 1st period - Stopped by Casey DeSmith with a rebound.
17:51 of 1st period - Oliver Kylington is hit by Juho Lammikko.
17:59 of 1st period - Tyrell Goulbourne is hit by Lane Pederson and loses puck.
18:12 of 1st period - Phil Di Giuseppe is hit by Ross Colton and loses puck.
19:26 of 1st period - Daniil Miromanov is hit by Tyrell Goulbourne and loses puck.
Goals for this period are 0 for Comets vs 1 for Sound Tigers.
Shots for this period are 6 for Comets vs 10 for Sound Tigers.
2nd period
0:01 of 2nd period - Joe Labate wins face-off versus Jean-Sebastien Dea in neutral zone.
0:06 of 2nd period - Snap shot by Austin Watson.
0:06 of 2nd period - Stopped by Casey DeSmith with a rebound.
0:08 of 2nd period - Snap shot by Austin Watson.
0:08 of 2nd period - Shot Misses the Net.
0:10 of 2nd period - Snap shot by Austin Watson.
0:10 of 2nd period - Deflect By Jordan Greenway.
0:10 of 2nd period - Shot Misses the Net.
0:10 of 2nd period - Puck is out of play.
0:11 of 2nd period - Joe Labate wins face-off versus Jean-Sebastien Dea in Comets zone.
1:02 of 2nd period - Wrist shot by Jean-Sebastien Dea.
1:02 of 2nd period - Shot Blocked by Nick Blankenburg.
1:24 of 2nd period - Gabriel Carlsson is hit by Scott Harrington.
1:56 of 2nd period - Snap shot by Jordan Greenway.
1:56 of 2nd period - Stopped by Casey DeSmith with a rebound.
2:03 of 2nd period - Icing by Scott Harrington.
2:04 of 2nd period - Ben Johnson wins face-off versus Daniel Zaar in Comets zone.
2:10 of 2nd period - Off-side.
2:11 of 2nd period - Austin Watson wins face-off versus Daniel Zaar in neutral zone.
2:18 of 2nd period - Snap shot by Daniel Zaar.
2:18 of 2nd period - Shot Blocked by Joe Labate.
2:20 of 2nd period - Backhand shot by Mackenzie MacEachern.
2:20 of 2nd period - Deflect By William Lockwood.
2:20 of 2nd period - Shot Misses the Net.
2:20 of 2nd period - Puck is out of play.
2:21 of 2nd period - Jean-Sebastien Dea wins face-off versus Joe Labate in Sound Tigers zone.
2:29 of 2nd period - Off-side.
2:30 of 2nd period - Jean-Sebastien Dea wins face-off versus Joe Labate in neutral zone.
2:43 of 2nd period - Slapshot by Jean-Sebastien Dea.
2:43 of 2nd period - Shot Blocked by Joe Labate.
2:45 of 2nd period - Snap shot by Daniel Zaar.
2:45 of 2nd period - Stopped by Charlie Lindgren with a rebound.
2:47 of 2nd period - Backhand shot by Juuso Riikola.
2:47 of 2nd period - Shot Misses the Net.
2:49 of 2nd period - Slapshot by Juuso Riikola.
2:49 of 2nd period - Stopped by Charlie Lindgren without a rebound.
2:50 of 2nd period - Rhett Gardner wins face-off versus Phil Di Giuseppe in Sound Tigers zone.
2:53 of 2nd period - Snap shot by Tyler Graovac.
2:53 of 2nd period - Stopped by Charlie Lindgren with a rebound.
3:00 of 2nd period - Nick Blankenburg is hit by William Lagesson and loses puck.
3:05 of 2nd period - Wrist shot by Ben Thomson.
3:05 of 2nd period - Stopped by Casey DeSmith with a rebound.
3:19 of 2nd period - Snap shot by Ryan Lomberg.
3:19 of 2nd period - Shot Misses the Net.
3:21 of 2nd period - Slapshot by Jean-Sebastien Dea.
3:21 of 2nd period - Deflect By Ryan Lomberg.
3:21 of 2nd period - Shot Misses the Net.
3:21 of 2nd period - Puck is out of play.
3:22 of 2nd period - Daniel Zaar wins face-off versus Joe Labate in Sound Tigers zone.
3:37 of 2nd period - Icing by Joe Labate.
3:38 of 2nd period - Tyler Graovac wins face-off versus Joe Labate in Sound Tigers zone.
3:39 of 2nd period - Wrist shot by Curtis Lazar.
3:39 of 2nd period - Stopped by Charlie Lindgren with a rebound.
3:53 of 2nd period - Wrist shot by Joe Labate.
3:53 of 2nd period - Shot Misses the Net.
3:58 of 2nd period - Icing by Vladislav Gavrikov.
3:59 of 2nd period - Alex Belzile wins face-off versus Tyler Graovac in Comets zone.
4:32 of 2nd period - Minor Penalty to Tyrell Goulbourne for Cross-checking.
4:33 of 2nd period - Jean-Sebastien Dea wins face-off versus Joe Labate in Sound Tigers zone.
5:03 of 2nd period - Gabriel Carlsson is hit by Curtis Lazar and loses puck.
6:32 of 2nd period - Penalty to Tyrell Goulbourne is over, Tyrell Goulbourne is back on ice.
6:43 of 2nd period - Snap shot by Filip Zadina.
6:43 of 2nd period - Shot Blocked by Mackenzie MacEachern.
7:02 of 2nd period - Icing by Alex Belzile.
7:03 of 2nd period - Rhett Gardner wins face-off versus Lane Pederson in Sound Tigers zone.
7:03 of 2nd period - Rhett Gardner is hit by William Lagesson.
8:59 of 2nd period - Icing by Oliver Kylington.
9:00 of 2nd period - Tyler Graovac wins face-off versus Jordan Greenway in Sound Tigers zone.
9:03 of 2nd period - Slapshot by Curtis Lazar.
9:03 of 2nd period - Stopped by Charlie Lindgren with a rebound.
9:05 of 2nd period - Slapshot by Juuso Riikola.
9:05 of 2nd period - Shot Blocked by Jordan Greenway.
9:07 of 2nd period - Slapshot by Dan Renouf.
9:07 of 2nd period - Stopped by Charlie Lindgren without a rebound.
9:08 of 2nd period - Jean-Sebastien Dea wins face-off versus Joe Labate in Sound Tigers zone.
9:15 of 2nd period - Snap shot by Daniel Zaar.
9:15 of 2nd period - Stopped by Charlie Lindgren without a rebound.
9:16 of 2nd period - Daniel Zaar wins face-off versus Joe Labate in Sound Tigers zone.
9:21 of 2nd period - Wrist shot by Ryan Lomberg.
9:21 of 2nd period - Shot Blocked by Jordan Greenway.
9:45 of 2nd period - Wrist shot by Ben Thomson.
9:45 of 2nd period - Stopped by Casey DeSmith without a rebound.
9:46 of 2nd period - Daniel Zaar wins face-off versus Rhett Gardner in Comets zone.
9:53 of 2nd period - Alex Belzile is hit by Daniel Zaar and loses puck.
9:58 of 2nd period - Snap shot by Daniel Zaar.
9:58 of 2nd period - Stopped by Charlie Lindgren without a rebound.
9:59 of 2nd period - Jean-Sebastien Dea wins face-off versus Joe Labate in Sound Tigers zone.
10:00 of 2nd period - Wrist shot by Daniel Zaar.
10:00 of 2nd period - Stopped by Charlie Lindgren with a rebound.
10:29 of 2nd period - Snap shot by Ben Johnson.
10:29 of 2nd period - Deflect By Tyrell Goulbourne.
10:29 of 2nd period - Stopped by Casey DeSmith with a rebound.
10:47 of 2nd period - Slapshot by Ryan Lomberg.
10:47 of 2nd period - Shot Misses the Net.
10:57 of 2nd period - Snap shot by Ryan Lomberg.
10:57 of 2nd period - Shot Misses the Net.
10:59 of 2nd period - Slapshot by William Lagesson.
10:59 of 2nd period - Deflect By Gabriel Carlsson.
10:59 of 2nd period - Goal by William Lagesson - Comets : 1 - Sound Tigers : 1.
11:00 of 2nd period - Tyler Graovac wins face-off versus Joe Labate in neutral zone.
11:09 of 2nd period - Minor Penalty to Joe Labate for Hooking.
11:10 of 2nd period - Jean-Sebastien Dea wins face-off versus Ben Johnson in Sound Tigers zone.
11:19 of 2nd period - Wrist shot by Daniel Zaar.
11:19 of 2nd period - Shot Misses the Net.
11:54 of 2nd period - Snap shot by Ben Thomson.
11:54 of 2nd period - Shot Blocked by Vladislav Gavrikov.
11:56 of 2nd period - Snap shot by Nick Blankenburg.
11:56 of 2nd period - Deflect By Scott Harrington.
11:56 of 2nd period - Stopped by Casey DeSmith with a rebound.
11:58 of 2nd period - Slapshot by Alexander Yelesin.
11:58 of 2nd period - Shot Misses the Net.
12:00 of 2nd period - Wrist shot by Ben Thomson.
12:00 of 2nd period - Goal by Ben Thomson - Comets : 1 - Sound Tigers : 2.
12:01 of 2nd period - Jordan Greenway wins face-off versus Jean-Sebastien Dea in neutral zone.
12:04 of 2nd period - Slapshot by Gabriel Carlsson.
12:04 of 2nd period - Stopped by Casey DeSmith without a rebound.
12:05 of 2nd period - Jean-Sebastien Dea wins face-off versus Ben Johnson in Comets zone.
12:10 of 2nd period - Gabriel Carlsson is hit by Ryan Lomberg and loses puck.
12:44 of 2nd period - Off-side.
12:45 of 2nd period - Tyler Graovac wins face-off versus Rhett Gardner in neutral zone.
12:56 of 2nd period - Snap shot by Curtis Lazar.
12:56 of 2nd period - Deflect By Ben Thomson.
12:56 of 2nd period - Shot Misses the Net.
12:56 of 2nd period - Puck is out of play.
12:57 of 2nd period - Jean-Sebastien Dea wins face-off versus Ben Johnson in Sound Tigers zone.
13:02 of 2nd period - Wrist shot by Ryan Lomberg.
13:02 of 2nd period - Stopped by Charlie Lindgren without a rebound.
13:03 of 2nd period - Ryan Lomberg wins face-off versus Jordan Greenway in Sound Tigers zone.
13:04 of 2nd period - Snap shot by Daniel Zaar.
13:04 of 2nd period - Stopped by Charlie Lindgren with a rebound.
13:09 of 2nd period - Penalty to Joe Labate is over, Joe Labate is back on ice.
13:38 of 2nd period - Slapshot by Jordan Greenway.
13:38 of 2nd period - Shot Misses the Net.
13:40 of 2nd period - Slapshot by Gabriel Carlsson.
13:40 of 2nd period - Shot Misses the Net.
13:42 of 2nd period - Snap shot by Gabriel Carlsson.
13:42 of 2nd period - Deflect By Curtis Lazar.
13:42 of 2nd period - Stopped by Casey DeSmith with a rebound.
13:44 of 2nd period - Snap shot by Jordan Greenway.
13:44 of 2nd period - Stopped by Casey DeSmith without a rebound.
13:45 of 2nd period - Ryan Lomberg wins face-off versus Rhett Gardner in Comets zone.
14:00 of 2nd period - Snap shot by Ben Thomson.
14:00 of 2nd period - Shot Misses the Net.
14:53 of 2nd period - Adam Ollas-Mattsson is hit by Jordan Greenway and loses puck.
15:31 of 2nd period - Snap shot by Tyler Graovac.
15:31 of 2nd period - Shot Misses the Net.
15:39 of 2nd period - Wrist shot by Gabriel Carlsson.
15:39 of 2nd period - Shot Misses the Net.
15:41 of 2nd period - Snap shot by Filip Zadina.
15:41 of 2nd period - Shot Misses the Net.
16:01 of 2nd period - Wrist shot by Daniel Zaar.
16:01 of 2nd period - Stopped by Charlie Lindgren with a rebound.
16:10 of 2nd period - Icing by Tyrell Goulbourne.
16:11 of 2nd period - Ben Johnson wins face-off versus Tyler Graovac in Sound Tigers zone.
16:20 of 2nd period - Snap shot by Ben Johnson.
16:20 of 2nd period - Stopped by Casey DeSmith with a rebound.
16:22 of 2nd period - Slapshot by Nick Blankenburg.
16:22 of 2nd period - Stopped by Casey DeSmith with a rebound.
16:24 of 2nd period - Slapshot by Nick Blankenburg.
16:24 of 2nd period - Deflect By Brett Connolly.
16:24 of 2nd period - Goal by Brett Connolly - Comets : 1 - Sound Tigers : 3.
16:25 of 2nd period - Joe Labate wins face-off versus Jean-Sebastien Dea in neutral zone.
16:37 of 2nd period - Wrist shot by Joe Labate.
16:37 of 2nd period - Stopped by Casey DeSmith with a rebound.
16:39 of 2nd period - Wrist shot by Austin Watson.
16:39 of 2nd period - Stopped by Casey DeSmith with a rebound.
16:41 of 2nd period - Snap shot by Jordan Greenway.
16:41 of 2nd period - Stopped by Casey DeSmith without a rebound.
16:42 of 2nd period - Rhett Gardner wins face-off versus Tyler Graovac in Comets zone.
16:49 of 2nd period - Snap shot by Ben Thomson.
16:49 of 2nd period - Shot Misses the Net.
16:51 of 2nd period - Snap shot by Rhett Gardner.
16:51 of 2nd period - Deflect By Alex Belzile.
16:51 of 2nd period - Shot Misses the Net.
16:51 of 2nd period - Puck is out of play.
16:52 of 2nd period - Rhett Gardner wins face-off versus Tyler Graovac in Comets zone.
17:17 of 2nd period - Slapshot by Vladislav Gavrikov.
17:17 of 2nd period - Shot Misses the Net.
17:40 of 2nd period - Icing by Oliver Kylington.
17:41 of 2nd period - Rhett Gardner wins face-off versus Jean-Sebastien Dea in Sound Tigers zone.
18:44 of 2nd period - Alexander Yelesin is hit by Curtis Lazar and loses puck.
19:46 of 2nd period - Off-side.
19:47 of 2nd period - Tyler Graovac wins face-off versus Joe Labate in neutral zone.
Goals for this period are 1 for Comets vs 2 for Sound Tigers.
Shots for this period are 13 for Comets vs 16 for Sound Tigers.
3rd period
0:01 of 3rd period - Jean-Sebastien Dea wins face-off versus Jordan Greenway in neutral zone.
0:30 of 3rd period - Snap shot by Ben Thomson.
0:30 of 3rd period - Stopped by Casey DeSmith with a rebound.
0:38 of 3rd period - Snap shot by Alex Belzile.
0:38 of 3rd period - Shot Misses the Net.
0:50 of 3rd period - Snap shot by Filip Zadina.
0:50 of 3rd period - Shot Misses the Net.
0:52 of 3rd period - Wrist shot by Filip Zadina.
0:52 of 3rd period - Deflect By Garret Pilon.
0:52 of 3rd period - Stopped by Casey DeSmith without a rebound.
0:53 of 3rd period - Jean-Sebastien Dea wins face-off versus Garret Pilon in Comets zone.
1:20 of 3rd period - Nick Blankenburg is hit by Juho Lammikko and loses puck.
1:45 of 3rd period - Adam Ollas-Mattsson is hit by Joe Labate and loses puck.
1:52 of 3rd period - Snap shot by Joe Labate.
1:52 of 3rd period - Goal by Joe Labate - Comets : 1 - Sound Tigers : 4.
1:53 of 3rd period - Joe Labate wins face-off versus Jean-Sebastien Dea in neutral zone.
2:02 of 3rd period - Snap shot by Daniel Zaar.
2:02 of 3rd period - Shot Blocked by Oliver Kylington.
2:04 of 3rd period - Wrist shot by Vladislav Gavrikov.
2:04 of 3rd period - Stopped by Charlie Lindgren with a rebound.
2:11 of 3rd period - Double Minor Penalty to Jordan Greenway for Roughing.
2:12 of 3rd period - Jean-Sebastien Dea wins face-off versus Joe Labate in Sound Tigers zone.
2:20 of 3rd period - Wrist shot by Ryan Lomberg.
2:20 of 3rd period - Shot Misses the Net.
2:22 of 3rd period - Wrist shot by Jean-Sebastien Dea.
2:22 of 3rd period - Stopped by Charlie Lindgren without a rebound.
2:23 of 3rd period - Jean-Sebastien Dea wins face-off versus Joe Labate in Sound Tigers zone.
2:28 of 3rd period - Slapshot by Ryan Lomberg.
2:28 of 3rd period - Stopped by Charlie Lindgren with a rebound.
2:30 of 3rd period - Slapshot by Scott Harrington.
2:30 of 3rd period - Goal by Scott Harrington - Comets : 2 - Sound Tigers : 4.
2:31 of 3rd period - Joe Labate wins face-off versus Ryan Lomberg in neutral zone.
2:46 of 3rd period - Wrist shot by Ryan Lomberg.
2:46 of 3rd period - Goal by Ryan Lomberg - Comets : 3 - Sound Tigers : 4.
2:47 of 3rd period - Joe Labate wins face-off versus Jean-Sebastien Dea in neutral zone.
2:52 of 3rd period - Snap shot by Austin Watson.
2:52 of 3rd period - Stopped by Casey DeSmith without a rebound.
2:53 of 3rd period - Jean-Sebastien Dea wins face-off versus Joe Labate in Comets zone.
2:55 of 3rd period - Minor Penalty to Jean-Sebastien Dea for Diving.
2:56 of 3rd period - Joe Labate wins face-off versus Daniel Zaar in Comets zone.
3:08 of 3rd period - Slapshot by Austin Watson.
3:08 of 3rd period - Shot Misses the Net.
3:10 of 3rd period - Wrist shot by Joe Labate.
3:10 of 3rd period - Stopped by Casey DeSmith with a rebound.
3:12 of 3rd period - Snap shot by Joe Labate.
3:12 of 3rd period - Stopped by Casey DeSmith with a rebound.
4:44 of 3rd period - Oliver Kylington is hit by Vladislav Gavrikov and loses puck.
4:55 of 3rd period - Penalty to Jean-Sebastien Dea is over, Jean-Sebastien Dea is back on ice.
5:06 of 3rd period - Wrist shot by Tyler Graovac.
5:06 of 3rd period - Shot Misses the Net.
6:59 of 3rd period - Icing by Lane Pederson.
7:00 of 3rd period - Lane Pederson wins face-off versus Garret Pilon in Comets zone.
7:05 of 3rd period - Simon Benoit is hit by Tyler Graovac and loses puck.
7:23 of 3rd period - Icing by Dan Renouf.
7:24 of 3rd period - Daniel Zaar wins face-off versus Joe Labate in Comets zone.
7:48 of 3rd period - Dan Renouf is hit by Jordan Greenway and loses puck.
7:57 of 3rd period - Wrist shot by Austin Watson.
7:57 of 3rd period - Stopped by Casey DeSmith without a rebound.
7:58 of 3rd period - Jean-Sebastien Dea wins face-off versus Rhett Gardner in Comets zone.
8:06 of 3rd period - Icing by Ryan Lomberg.
8:07 of 3rd period - Rhett Gardner wins face-off versus Jean-Sebastien Dea in Comets zone.
8:15 of 3rd period - Minor Penalty to Alex Belzile for Hooking.
8:16 of 3rd period - Jordan Greenway wins face-off versus Jean-Sebastien Dea in Sound Tigers zone.
9:18 of 3rd period - Nick Blankenburg is hit by Dan Renouf and loses puck.
9:26 of 3rd period - Icing by Juuso Riikola.
9:27 of 3rd period - Rhett Gardner wins face-off versus Tyler Graovac in Comets zone.
9:32 of 3rd period - Snap shot by Rhett Gardner.
9:32 of 3rd period - Stopped by Casey DeSmith with a rebound.
9:46 of 3rd period - Slapshot by Curtis Lazar.
9:46 of 3rd period - Stopped by Charlie Lindgren with a rebound.
10:15 of 3rd period - Penalty to Alex Belzile is over, Alex Belzile is back on ice.
10:23 of 3rd period - Slapshot by Gabriel Carlsson.
10:23 of 3rd period - Deflect By Jean-Sebastien Dea.
10:23 of 3rd period - Stopped by Casey DeSmith with a rebound.
10:37 of 3rd period - Joe Labate is hit by Juuso Riikola.
10:41 of 3rd period - Snap shot by Daniel Zaar.
10:41 of 3rd period - Deflect By Ryan Lomberg.
10:41 of 3rd period - Shot Blocked by Oliver Kylington.
10:41 of 3rd period - Puck is out of play.
10:42 of 3rd period - Mackenzie MacEachern wins face-off versus Ben Johnson in Sound Tigers zone.
11:31 of 3rd period - Icing by Ross Colton.
11:32 of 3rd period - Ben Johnson wins face-off versus Lane Pederson in Sound Tigers zone.
11:32 of 3rd period - Ben Johnson is hit by Lane Pederson.
11:38 of 3rd period - Ben Johnson is hit by Lane Pederson and loses puck.
11:59 of 3rd period - Slapshot by Alex Belzile.
11:59 of 3rd period - Stopped by Casey DeSmith without a rebound.
12:00 of 3rd period - Joe Labate wins face-off versus Jean-Sebastien Dea in Comets zone.
12:03 of 3rd period - Snap shot by Joe Labate.
12:03 of 3rd period - Shot Misses the Net.
13:39 of 3rd period - Slapshot by Daniel Zaar.
13:39 of 3rd period - Stopped by Charlie Lindgren without a rebound.
13:40 of 3rd period - Daniel Zaar wins face-off versus Rhett Gardner in Sound Tigers zone.
13:43 of 3rd period - Snap shot by Daniel Zaar.
13:43 of 3rd period - Shot Misses the Net.
13:49 of 3rd period - Wrist shot by Rhett Gardner.
13:49 of 3rd period - Deflect By Alex Belzile.
13:49 of 3rd period - Shot Blocked by Daniel Zaar.
13:49 of 3rd period - Puck is out of play.
13:50 of 3rd period - Jean-Sebastien Dea wins face-off versus Joe Labate in Comets zone.
14:38 of 3rd period - Vladislav Gavrikov is hit by Filip Zadina and loses puck.
14:49 of 3rd period - Wrist shot by Ross Colton.
14:49 of 3rd period - Stopped by Casey DeSmith without a rebound.
14:50 of 3rd period - Jean-Sebastien Dea wins face-off versus Joe Labate in Comets zone.
14:55 of 3rd period - Nick Blankenburg is hit by Ryan Lomberg and loses puck.
15:15 of 3rd period - Off-side.
15:16 of 3rd period - Lane Pederson wins face-off versus Brett Connolly in neutral zone.
15:23 of 3rd period - Snap shot by Juho Lammikko.
15:23 of 3rd period - Shot Blocked by Gabriel Carlsson.
15:31 of 3rd period - Wrist shot by Mackenzie MacEachern.
15:31 of 3rd period - Stopped by Charlie Lindgren without a rebound.
15:32 of 3rd period - Joe Labate wins face-off versus Jean-Sebastien Dea in Sound Tigers zone.
16:43 of 3rd period - Wrist shot by Ryan Lomberg.
16:43 of 3rd period - Shot Blocked by Joe Labate.
16:45 of 3rd period - Slapshot by Juuso Riikola.
16:45 of 3rd period - Stopped by Charlie Lindgren without a rebound.
16:46 of 3rd period - Jean-Sebastien Dea wins face-off versus Tyrell Goulbourne in Sound Tigers zone.
17:12 of 3rd period - Phil Di Giuseppe is hit by Joe Labate and loses puck.
17:35 of 3rd period - Slapshot by Ben Thomson.
17:35 of 3rd period - Stopped by Casey DeSmith with a rebound.
17:37 of 3rd period - Snap shot by Ben Thomson.
17:37 of 3rd period - Shot Misses the Net.
17:39 of 3rd period - Slapshot by Jakub Galvas.
17:39 of 3rd period - Shot Blocked by Scott Harrington.
17:41 of 3rd period - Slapshot by Alex Belzile.
17:41 of 3rd period - Stopped by Casey DeSmith with a rebound.
17:43 of 3rd period - Slapshot by Jakub Galvas.
17:43 of 3rd period - Stopped by Casey DeSmith with a rebound.
17:53 of 3rd period - Rhett Gardner is hit by Ryan Lomberg and loses puck.
18:31 of 3rd period - Snap shot by Jordan Greenway.
18:31 of 3rd period - Shot Misses the Net.
18:33 of 3rd period - Wrist shot by Joe Labate.
18:33 of 3rd period - Deflect By Austin Watson.
18:33 of 3rd period - Goal by Austin Watson - Comets : 3 - Sound Tigers : 5.
18:34 of 3rd period - Ben Johnson wins face-off versus Daniel Zaar in neutral zone.
18:43 of 3rd period - William Lockwood is hit by Brett Connolly and loses puck.
18:50 of 3rd period - Oliver Kylington is hit by Daniel Zaar and loses puck.
19:01 of 3rd period - Jordan Greenway is hit by Curtis Lazar and loses puck.
19:40 of 3rd period - Tyler Graovac is hit by Brett Connolly and loses puck.
19:59 of 3rd period - Snap shot by Mackenzie MacEachern.
19:59 of 3rd period - Shot Misses the Net.
Goals for this period are 2 for Comets vs 2 for Sound Tigers.
Shots for this period are 9 for Comets vs 15 for Sound Tigers.